AoeStats
← DippityDang

Nomad

509693611Analyzed
4v4 RM · 5d ago on Sep 27, 2026· 44m 46s· 8 players
Game mode
Random Map
Map size
231×231
Population
200
Speed
Normal
Resources
Standard
Victory
Conquest
Starting age
Dark Age
Ending age
Imperial Age
RankedLock teamsTeams togetherTeam positionsShared explorationLock speedFull tech treeHidden civsTurbo modeCheats
Victory
Defeat
🇳🇴 Spanish · Norway
1663
+16
🇺🇸 Koreans · United States
1610
+18
🇺🇸 Huns · United States
1562
+20
🇨🇱 Poles · Chile
1539
+21
🇦🇷 Spanish · Argentina
1830
-26
🇦🇷 Mongols · Argentina
1757
-23
🇦🇷 Persians · Argentina
1643
-18
🇦🇷 Varangians · Argentina
1359
-8
DippityDang
3:30 Loom
9:17 Loom
12:51 Feudal Age
15:50 Scale Mail Armor
15:41 Fletching
20:37 Castle Age
20:18 Wheelbarrow
24:08 Horse Collar
24:16 Double-Bit Axe
30:51 Bow Saw
31:18 Wheelbarrow
31:03 Stone Mining
32:54 Stone Shaft Mining
32:11 Gold Mining
32:49 Bodkin Arrow
38:52 Imperial Age
37:02 Ballistics
37:21 Gold Shaft Mining
37:16 Husbandry
38:18 Thumb Ring
39:41 Bracer
40:43 Chemistry
40:09 Conscription
40:13 Siege Engineers
41:34 Masonry
41:56 Scale Mail Armor
42:58 Forging
Boom Shakalaka!!
7:09 Loom
12:51 Feudal Age
17:22 Castle Age
16:12 Horse Collar
16:19 Double-Bit Axe
18:15 Heavy Plow
24:38 Bloodlines
28:39 Wheelbarrow
28:33 Szlachta Privileges
28:50 Scale Barding Armor
28:48 Husbandry
31:31 Chain Barding Armor
31:43 Forging
33:16 Gold Mining
33:16 Stone Mining
36:17 Hand Cart
39:36 Imperial Age
39:39 Cavalier
40:14 Town Watch
[Nors] Laksen ><(((º>
3:31 Loom
14:21 Feudal Age
18:13 Castle Age
16:26 Fishing Lines
17:56 Double-Bit Axe
18:55 Fletching
27:00 Padded Archer Armor
27:26 Bow Saw
30:14 Bodkin Arrow
40:57 Wheelbarrow
42:57 Imperial Age
41:03 Gold Mining
41:02 Town Watch
42:39 Bloodlines
42:29 Husbandry
43:03 Forging
43:07 Scale Barding Armor
43:00 Cavalier
45:03 Iron Casting
44:44 Hand Cart
45:18 Chain Barding Armor
bipeng2008
4:43 Loom
14:58 Feudal Age
16:27 Double-Bit Axe
18:46 Castle Age
18:03 Forging
18:06 Gold Mining
18:58 Scale Barding Armor
18:56 Light Cavalry
21:38 Wheelbarrow
21:12 Fletching
21:23 Padded Archer Armor
21:58 Bodkin Arrow
23:25 Gold Shaft Mining
23:27 Bow Saw
25:42 Leather Archer Armor
26:41 Ballistics
26:37 Bloodlines
28:49 Husbandry
34:12 Imperial Age
32:36 Medium Warships
33:08 Iron Casting
32:54 Chain Barding Armor
32:42 Town Watch
32:40 Fishing Lines
34:00 Hand Cart
35:31 Parthian Tactics
34:27 Heavy Cavalry Archer
35:13 Thumb Ring
37:04 Chemistry
35:41 Capped Ram
35:44 Cavalier
36:49 Siege Ram
39:04 Bracer
40:04 Blast Furnace
39:40 Plate Barding Armor
40:37 Conscription
40:23 Paladin
45:08 Marauders
CesarFight
6:25 Loom
7:56 Loom
12:34 Feudal Age
16:18 Castle Age
15:05 Double-Bit Axe
16:56 Fishing Lines
18:46 Padded Archer Armor
23:21 Wheelbarrow
24:28 Husbandry
25:12 Leather Archer Armor
27:49 Bloodlines
29:13 Gold Mining
30:46 Horse Collar
31:01 Stone Mining
32:02 Hand Cart
31:49 Heavy Plow
36:12 Imperial Age
33:51 Town Watch
35:35 Stone Shaft Mining
37:48 Ring Archer Armor
38:00 Fletching
38:47 Supremacy
38:07 Elite Conquistador
39:39 Masonry
39:53 Bodkin Arrow
41:01 Chemistry
40:44 Conscription
40:45 Bracer
El Libertador Don Jose
3:04 Loom
13:26 Feudal Age
17:48 Castle Age
16:43 Double-Bit Axe
18:46 Bow Saw
20:12 Fletching
21:10 Bodkin Arrow
21:56 Padded Archer Armor
23:17 Leather Archer Armor
24:02 Ballistics
25:13 Horse Collar
28:35 Town Watch
29:25 Wheelbarrow
31:18 Hand Cart
31:03 Town Patrol
31:35 Husbandry
32:28 Town Patrol
34:08 Bloodlines
36:13 Stone Mining
36:15 Gold Mining
42:53 Imperial Age
Duka
7:46 Loom
15:13 Feudal Age
15:51 Double-Bit Axe
30:57 Fletching
34:39 Castle Age
[TBArg] kaos_leo
10:43 Loom
13:02 Feudal Age
17:09 Castle Age
21:04 Fishing Lines
22:38 Double-Bit Axe
24:08 Horse Collar
26:21 Gillnets
29:12 Gold Mining
32:53 Heavy Plow
33:32 Bloodlines
33:23 Husbandry
36:58 Imperial Age
36:02 Scale Barding Armor
37:30 Elite Jarl
39:32 Wheelbarrow
39:29 Conscription
38:56 Gothikon
41:03 Chain Barding Armor
41:56 Light Cavalry
42:21 Vendel Legacy
44:26 Plate Barding Armor
44:01 Forging
44:26 Plate Barding Armor
45:50 Coinage
Connection lost

Rejoining the realm…

Still unreachable

The connection could not be restored.

Session expired

The server has moved on; the page needs a fresh start.